Map: Romanticide LE

Players

Epic - Winner!

  • Race: Terran Terran
  • League: Grandmaster
  • Spawn Location: 5:00

TLO

  • Race: Zerg Zerg
  • League: Master
  • Spawn Location: 11:00

Event: DreamHack SC2 Masters 2020 Winter

VOD

Have the link to the VOD?

Description

Time

  • Played on: Oct. 31, 2020, 4:48 p.m.
  • Length: 12:06

All games in this series

Show
View Real Time Build Order
Export as new Build Order

Epic Terran - Winner!

Build Orders: Reaper Expand, Hellion Banshee 

Get SALT Encoding   

  12  0:00  SCV  
  13  0:12  SCV  
  14  0:17  Supply Depot  
  14  0:24  SCV  
  15  0:38  SCV  
  15  0:39  Barracks  
  16  0:44  Refinery  
  16  0:50  SCV  
  17  1:03  SCV  
  18  1:15  SCV  
  19  1:27  Orbital Command  
  19  1:28  Reaper  
  20  1:38  Command Center  
  20  1:46  Supply Depot  
  20  1:52  SCV  
  21  1:59  Marine  
  22  2:04  SCV, Refinery  
  23  2:11  Factory  
  23  2:16  SCV  
  24  2:22  Barracks Reactor  
  24  2:28  SCV  
  25  2:41  SCV  
  26  2:50  Orbital Command  
  26  2:53  SCV  
  26  2:58  Starport  
  27  3:03  Hellion  
  27  3:04  Hellion  
  27  3:05  SCV  
  32  3:08  Barracks Tech Lab  
  32  3:12  Supply Depot  
  32  3:16  SCV  
  32  3:17  SCV  
  34  3:24  Hellion  
  34  3:25  Hellion  
  38  3:29  SCV x2  
  40  3:40  Cloaking Field, Banshee  
  42  3:45  SCV  
  42  3:49  Hellion x2  
  42  3:54  Barracks Tech Lab  
  42  3:55  SCV  
  47  3:57  SCV  
  47  3:58  Supply Depot  
  48  4:07  SCV  
  48  4:09  SCV  
  50  4:15  Marine, Stimpack  
  51  4:19  SCV  
  51  4:22  SCV  
  53  4:24  Banshee  
  53  4:30  Command Center  
  56  4:32  SCV  
  56  4:34  SCV  
  58  4:44  SCV  
  58  4:45  Barracks, Factory Reactor  
  59  4:46  SCV  
  59  4:48  Barracks  
  60  4:53  Supply Depot  
  60  4:56  SCV  
  60  4:58  SCV  
  62  5:02  Engineering Bay x2  
  62  5:15  SCV x2  
  62  5:21  Command Center  
  64  5:27  SCV x2, Refinery, Supply Depot  
  64  5:28  Refinery  
  66  5:29  Marine  
  66  5:30  Terran Infantry Weapons Level 1  
  66  5:31  Terran Infantry Armor Level 1, Starport Reactor  
  66  5:33  Marine  
  66  5:34  Marine, Supply Depot  
  69  5:39  SCV  
  70  5:49  SCV, Siege Tank, Supply Depot, Marine x3  
  77  5:51  Marine  
  77  5:55  Combat Shield  
  77  5:56  SCV  
  79  6:01  SCV  
  80  6:05  Supply Depot  
  80  6:09  Marine x2  
  80  6:10  Marine x2, Medivac  
  80  6:11  Medivac  
  88  6:14  SCV x2  
  90  6:20  Marine  
  91  6:27  Marine x3  
  91  6:28  Siege Tank  
  91  6:30  SCV x2  
  91  6:32  Supply Depot  
  99  6:35  Orbital Command  
  99  6:41  Marine x2  
  99  6:43  Medivac x2  
  99  6:45  Marine x2, SCV x2  
  105  6:57  Orbital Command  
  105  6:59  SCV  
  105  7:00  SCV  
  107  7:06  Siege Tank, Marine x5  
  115  7:13  Armory  
  115  7:15  Supply Depot x2  
  115  7:16  SCV  
  115  7:18  SCV  
  115  7:22  Medivac x2  
  121  7:31  SCV x3  
  124  7:38  Marine x5  
  124  7:41  Siege Tank  
  131  7:49  SCV x3  
  132  7:53  Barracks  
  132  7:54  Barracks x2  
  132  7:59  Medivac x2  
  132  8:01  Barracks  
  132  8:02  Barracks  
  132  8:03  SCV x3  
  139  8:08  Terran Infantry Weapons Level 2  
  139  8:09  Marine x2  
  141  8:13  Supply Depot  
  141  8:17  Supply Depot  
  141  8:18  Supply Depot  
  141  8:20  Terran Infantry Armor Level 2  
  141  8:35  Siege Tank, Marine x3, SCV x2  
  141  8:38  Marine x2, SCV  
  121  8:48  Barracks Reactor x3  
  121  8:51  Barracks Reactor  
  121  8:56  Marine, Barracks Reactor  
  121  8:57  Marine, Command Center  
  121  8:58  Marine x3, Supply Depot x2  
  123  9:05  Missile Turret  
  123  9:08  Supply Depot  
  122  9:11  Medivac  
  122  9:13  Medivac, Missile Turret  
  122  9:14  Marine  
  122  9:15  Marine x2  
  129  9:18  Marine x2  
  129  9:21  Missile Turret  
  131  9:25  Siege Tank  
  131  9:27  Marine  
  131  9:28  Marine x5  
  140  9:31  Marine  
  140  9:33  Marine x4  
  140  9:34  Marine x2  
  140  9:35  Marine  
  140  9:36  Marine  
  149  9:41  Medivac  
  149  9:43  Medivac  
  153  9:45  Marine x6  
  153  9:49  Marine  
  153  9:51  Marine x4  
  163  10:00  Marine x3  
  163  10:02  Marine  
  163  10:03  Marine x5  
  172  10:07  Marine x2  
  172  10:09  Marine x2  
  176  10:14  Missile Turret x3  
  176  10:17  Medivac x2, Siege Tank  
  177  10:29  Marine  
  177  10:30  Marine x14  
  177  10:34  Planetary Fortress  
  192  10:47  Marine x2  
  192  10:48  Marine  
  180  11:00  Missile Turret, SCV  
  180  11:01  SCV x2  
  183  11:04  Marine x11  
  183  11:05  Marine x2  
  196  11:11  Supply Depot  
  196  11:25  Marine x2  
  196  11:27  Marine x4  
  196  11:28  Marine x2, Orbital Command  
  196  11:29  Marine x2  
  196  11:30  Marine x2, Siege Tank  
  196  11:31  Medivac, Marine  
  196  11:32  Marine  
  167  11:43  Marine x2  
  167  11:45  Marine x3  
  167  11:46  Marine  
  143  11:47  SCV x3  
Show
View Real Time Build Order
Export as new Build Order

TLO Zerg 

Build Orders: Hatch First, Muta Ling Bane 

Get SALT Encoding   

  12  0:00  Drone  
  13  0:12  Overlord  
  13  0:16  Drone  
  14  0:30  Drone  
  14  0:31  Drone  
  16  0:47  Hatchery  
  15  0:51  Drone  
  15  0:54  Drone  
  17  0:58  Drone  
  17  1:03  Extractor  
  17  1:14  Spawning Pool  
  17  1:16  Drone  
  17  1:19  Drone  
  18  1:28  Drone  
  19  1:39  Drone  
  20  1:51  Drone  
  21  2:00  Queen  
  21  2:01  Queen  
  25  2:02  Metabolic Boost, Zergling x2  
  25  2:04  Zergling x2  
  27  2:10  Overlord  
  27  2:14  Drone  
  28  2:21  Drone, Extractor  
  29  2:31  Hatchery  
  29  2:33  Drone  
  28  2:42  Drone  
  29  2:45  Overlord  
  29  2:46  Drone  
  29  2:47  Drone  
  31  2:52  Queen  
  31  2:58  Overlord  
  33  2:59  Zergling x2  
  33  3:04  Overlord  
  34  3:06  Drone  
  34  3:09  Drone  
  34  3:12  Drone  
  37  3:13  Drone  
  37  3:15  Drone  
  37  3:17  Zergling x2  
  40  3:25  Drone  
  41  3:27  Drone  
  41  3:31  Queen  
  44  3:35  Queen  
  44  3:38  Drone  
  44  3:39  Drone  
  48  3:43  Drone x2  
  48  3:44  Drone  
  48  3:45  Drone  
  48  3:47  Zergling x2  
  52  3:50  Zergling x2  
  52  3:54  Zergling x2  
  54  3:59  Zergling x2  
  54  4:01  Baneling Nest  
  54  4:02  Drone, Zergling x4  
  57  4:03  Drone  
  57  4:05  Drone  
  59  4:12  Drone  
  59  4:15  Drone  
  59  4:16  Queen  
  63  4:17  Overlord  
  63  4:20  Overlord  
  63  4:23  Overlord  
  63  4:28  Spore Crawler  
  63  4:29  Spore Crawler x2  
  63  4:31  Overlord  
  60  4:35  Drone  
  60  4:38  Drone x3  
  63  4:41  Overlord  
  63  4:42  Zergling x2  
  65  4:46  Drone  
  65  4:48  Drone  
  65  4:49  Drone, Spore Crawler  
  65  4:51  Drone  
  65  4:52  Drone  
  69  4:55  Drone  
  69  4:58  Zergling x2  
  71  5:02  Zergling x2  
  71  5:05  Zergling x2  
  73  5:09  Drone x3  
  73  5:11  Lair  
  73  5:13  Drone  
  75  5:14  Evolution Chamber x2  
  75  5:15  Drone  
  75  5:16  Drone  
  75  5:17  Zergling x4  
  72  5:22  Extractor  
  72  5:23  Drone  
  72  5:24  Extractor  
  72  5:25  Extractor x2, Zergling x2  
  72  5:26  Zergling x2  
  72  5:27  Zergling x2  
  71  5:29  Drone  
  71  5:30  Baneling x3  
  71  5:31  Drone  
  71  5:32  Drone  
  71  5:35  Extractor  
  73  5:36  Baneling x2  
  73  5:37  Drone x2  
  73  5:39  Drone  
  76  5:45  Drone  
  76  5:47  Drone  
  78  5:51  Drone x2  
  78  5:52  Drone  
  78  5:53  Drone  
  78  5:56  Drone  
  83  5:57  Drone  
  83  6:00  Drone x2  
  83  6:02  Drone  
  83  6:03  Drone x2  
  88  6:04  Zergling x2  
  88  6:05  Zergling x2  
  88  6:08  Zerg Melee Weapons Level 1, Zerg Ground Armor Level 1  
  88  6:09  Zergling x2  
  87  6:12  Overseer  
  87  6:14  Drone  
  87  6:15  Drone  
  86  6:21  Zergling x2  
  86  6:22  Spire  
  86  6:23  Zergling x2  
  86  6:24  Drone  
  86  6:25  Zergling x2  
  87  6:26  Zergling x2  
  87  6:27  Drone  
  87  6:29  Zergling x2  
  87  6:30  Overlord  
  87  6:31  Zergling x2  
  87  6:33  Drone  
  87  6:37  Drone x2  
  90  6:43  Zergling x2, Centrifical Hooks  
  90  6:45  Drone x2  
  89  6:47  Zergling x2  
  89  6:52  Zergling x2  
  88  6:58  Drone  
  88  7:00  Zergling x6  
  92  7:02  Baneling  
  92  7:03  Drone, Baneling x3, Overseer  
  92  7:06  Hatchery  
  92  7:07  Drone x3  
  95  7:09  Zergling x2  
  95  7:10  Baneling, Zergling x6  
  95  7:11  Zergling x2  
  95  7:13  Overlord  
  100  7:19  Zergling x2  
  100  7:21  Zergling x2  
  100  7:22  Zergling x2, Overlord  
  103  7:23  Zergling x2  
  103  7:27  Overlord  
  104  7:33  Baneling x4  
  104  7:34  Zergling x14  
  111  7:41  Zergling x4  
  108  7:44  Zergling x2  
  108  7:46  Zergling x2  
  108  7:47  Zergling x2  
  108  7:49  Zerg Flyer Weapons Level 1  
  100  7:54  Overlord  
  100  7:57  Mutalisk x6  
  112  7:59  Baneling x3  
  112  8:00  Mutalisk  
  112  8:02  Mutalisk  
  116  8:08  Mutalisk  
  116  8:09  Mutalisk  
  116  8:12  Mutalisk  
  122  8:26  Zergling x4  
  124  8:27  Zergling x2  
  124  8:30  Mutalisk x2, Overlord  
  124  8:32  Mutalisk  
  124  8:33  Mutalisk  
  131  8:34  Hatchery  
  128  8:41  Mutalisk  
  128  8:42  Mutalisk  
  102  8:49  Zergling x2  
  102  8:50  Zergling x12  
  102  8:51  Zergling x2  
  102  8:53  Baneling x6  
  102  8:54  Zergling x4  
  112  8:56  Zergling x4  
  112  8:58  Zergling x6  
  117  9:05  Zerg Ground Armor Level 2  
  117  9:08  Zergling x2  
  117  9:09  Zergling x2  
  119  9:13  Overlord  
  119  9:14  Zerg Melee Weapons Level 2  
  119  9:15  Zergling x2  
  120  9:17  Zergling x2  
  120  9:18  Drone, Zergling x2  
  123  9:24  Zergling x2  
  123  9:30  Mutalisk  
  126  9:31  Zergling x2  
  126  9:32  Baneling x4  
  126  9:33  Zergling x2  
  126  9:37  Hatchery  
  127  9:39  Zergling x2  
  127  9:41  Zergling x2  
  127  9:42  Zergling x2  
  127  9:43  Pneumatized Carapace  
  127  9:45  Zergling x2  
  131  9:50  Zergling x2  
  131  9:51  Zergling x2  
  132  9:53  Overseer  
  132  9:56  Zergling x2, Overlord  
  132  9:58  Baneling x5  
  132  10:00  Drone  
  132  10:01  Drone  
  132  10:02  Drone x2  
  132  10:03  Zergling x2  
  132  10:04  Baneling x3  
  137  10:07  Zerg Flyer Armor Level 1  
  137  10:09  Mutalisk  
  139  10:15  Mutalisk  
  139  10:16  Mutalisk  
  143  10:26  Zergling x2  
  141  10:31  Baneling x10  
  142  10:35  Zergling x2  
  142  10:36  Zergling x22  
  142  10:39  Drone  
  142  10:40  Drone, Extractor x2  
  153  10:43  Zergling x2  
  153  10:45  Baneling x9  
  149  10:52  Zergling x2  
  149  10:53  Zergling x2  
  149  10:56  Zergling x4  
  136  11:01  Zergling x20  
  145  11:05  Zergling x2  
  145  11:07  Zergling x6  
  145  11:08  Baneling x3  
  149  11:16  Zergling x10  
  155  11:19  Baneling x3  
  154  11:27  Zergling x2  
  154  11:28  Zergling x2  
  154  11:29  Zergling x2  
  154  11:30  Zergling x2  
  154  11:32  Zergling x2  
  144  11:37  Zergling x8  
  106  11:42  Zergling x2  
  106  11:44  Zergling x2  
  106  11:45  Zergling x8  
  106  11:46  Zergling x2  
  92  11:50  Baneling x7  
  92  11:51  Baneling  
Tags
 
Add a new tag
Caveats
  • Supply blocks, unpowered buildings, or Contaminate may cause inaccurate times.
  • Supply counts are checked every 10 seconds.